 Dungeon Crawl Stone Soup version 0.30-a0-782-ge64f9170bb (webtiles) character file.

Game seed: 2996429055988892100

672 sanka the Skirmisher (level 7, -4/55 HPs)
             Began as a Demigod Hunter on Feb 18, 2023.
             Slain by a gnoll sergeant
             ... wielding a +0 spear
              (12 damage)
             ... on level 5 of the Dungeon.
             The game lasted 00:04:19 (3160 turns).

sanka the Skirmisher (Demigod Hunter)               Turns: 3160, Time: 00:04:19

Health: -4/55      AC:  9    Str: 18    XL:     7   Next: 10%
Magic:  9/9        EV: 13    Int: 11    God:
Gold:   266        SH:  0    Dex: 25    Spells: 6/6 levels left

rFire   . . .      SeeInvis .    a - +0 shortbow
rCold   . . .      Faith    .    (shield currently unavailable)
rNeg    + . .      Spirit   .    q - +2 robe {rN+}
rPois   .          Reflect  .    (no helmet)
rElec   .          Harm     .    k - +0 cloak
rCorr   .          Rampage  .    (no gloves)
Will    .....                    (no boots)
Stlth   ++                       (no amulet)
HPRegen 0.29/turn                f - +4 ring of protection
MPRegen 0.11/turn                c - +6 ring of strength

@: no status effects
A: high MP 1, forlorn, divine attributes
a: no special abilities


You were on level 5 of the Dungeon.
You visited 1 branch of the dungeon, and saw 5 of its levels.

You collected 266 gold pieces.


Innate Abilities, Weirdness & Mutations

You have an increased reservoir of magic. (+10% MP)
You shall have no god before yourself.
Your divine heritage dramatically boosts your attributes as you level up.


   Skills:
 - Level 2.0 Fighting
 + Level 8.2 Ranged Weapons
 - Level 1.7 Dodging
 - Level 0.8 Stealth


You had 6 spell levels left.
You didn't know any spells.
Your spell library contained the following spells:

 Spells                   Type           Power      Damage    Failure   Level
 Manifold Assault         Tloc           0%         N/A       98%         4
 Dispersal                Tloc           0%         N/A       100%        6
 Disjunction              Tloc           0%         N/A       100%        8

Inventory:

Hand Weapons
 a - a +0 shortbow (weapon)
Armour
 k - a +0 cloak (worn)
 q - a +2 robe of positive energy (worn)
Magical Staves
 v - a staff of death
Jewellery
 c - a +6 ring of strength (right hand)
 f - a +4 ring of protection (left hand)
Wands
 u - a wand of polymorph (11)
 B - a wand of flame (15)
Scrolls
 b - 2 scrolls of immolation {!r}
 e - 10 scrolls of identify {unknown}
 g - a scroll of noise {unknown}
 i - 2 scrolls of enchant weapon {unknown}
 o - a scroll of poison {unknown}
 s - 2 scrolls of teleportation {unknown}
 x - 2 scrolls of amnesia {unknown}
 y - a scroll of butterflies {unknown}
 z - a scroll of silence {unknown}
Potions
 d - a potion of berserk rage {unknown}
 h - a potion of degeneration {unknown}
 j - a potion of magic {unknown}
 l - a potion of flight {unknown}
 m - a potion of attraction {unknown}
 n - a potion of mutation {unknown}
 p - a potion of cancellation {unknown}
 r - 3 potions of curing {unknown}
 t - a potion of heal wounds {unknown}
 w - a potion of lignification {unknown}
 A - a potion of haste {unknown}

Dungeon Overview and Level Annotations

Branches:
Dungeon (5/15)
 Temple: D:4-7

Shops:
D:1 ! D:3

( .... ▒
▒..▒ ▒.▒..▒
▒.▒g.▒
▒....▒
▒.▒▒▒g▒▒▒
▒.......▒
▒.▒▒▒▒▒g▒.▒
▒...p.gg▒.▒
▒▒▒▒▒▒▒▒▒.▒
▒.▒ ▒.▒ ▒.▒
▒.▒ ▒.▒ ▒.▒
▒.▒


You could see a gnoll sergeant and 2 gnolls.


Message History

The gnoll sergeant hits you but does no damage.
You shoot an arrow.
The arrow hits the gnoll sergeant but does no damage.
The gnoll sergeant is almost dead.
The gnoll sergeant hits you from afar with a +0 spear.
* * * LOW HITPOINT WARNING * * *
You shoot an arrow.
The arrow barely misses the gnoll sergeant.
The arrow hits the gnoll.
The gnoll is lightly wounded.
A gnoll comes into view. It is wielding a +0 club.
The gnoll sergeant misses you.
You shoot an arrow.
The arrow hits the gnoll sergeant but does no damage.
The gnoll sergeant is almost dead.
The gnoll sergeant hits you from afar with a +0 spear.
* * * LOW HITPOINT WARNING * * *
You shoot an arrow.
The arrow completely misses the gnoll sergeant.
The arrow hits the gnoll but does no damage.
The gnoll is lightly wounded.
The gnoll sergeant completely misses you.
You shoot an arrow. The gnoll sergeant blocks the arrow.
The gnoll sergeant hits you from afar with a +0 spear!
* * * LOW HITPOINT WARNING * * *
The gnoll sergeant hits you from afar with a +0 spear!
* * * LOW HITPOINT WARNING * * *
The gnoll sergeant hits you from afar with a +0 spear!
You die...

Action                     |  1- 3 |  4- 6 |  7- 9 || total
---------------------------+-------+-------+-------++-------
   Fire: Shortbow          |    95 |   124 |    37 ||   256
 Armour: Leather armour    |    11 |     9 |       ||    20
         Robe              |       |     9 |     5 ||    14
  Dodge: Dodged            |    19 |    38 |     8 ||    65

Levels and vault maps discovered:
D:1:      dpeg_arrival_rooms_b, layout_basic, serial_shops,
          nicolae_shop_waterfront, dreamdust_ecumenical_altar_statues,
          minmay_pentomino_v4
D:2:      layout_basic, uniq_natasha
D:3:      layout_basic, serial_shops, nicolae_shop_hallway_plus,
          grunt_decor_mini_mirrors, grunt_ministairs_15, nrook_uturn,
          minmay_starry_boxes, uniq_jessica
D:4:      layout_loops_cross, mainiacjoe_overflow_paths, uniq_edmund,
          uniq_grinder
D:5:      wad_lake_hut, layout_basic, serial_shops, shop, grunt_ministairs_14,
          uniq_duvessa

Notes
Turn   | Place    | Note
-------+----------+-------------------------------------------
     0 | D:1      | sanka the Demigod Hunter began the quest for the Orb.
     0 | D:1      | Reached XP level 1. HP: 17/17 MP: 3/3
    24 | D:1      | Reached skill level 2 in Fighting
   187 | D:1      | Reached skill level 4 in Ranged Weapons
   205 | D:1      | Reached XP level 2. HP: 24/24 MP: 4/4
   338 | D:1      | Found Otzudaok's Distillery.
  1024 | D:2      | Noticed Natasha
  1032 | D:2      | Killed Natasha
  1033 | D:2      | Reached XP level 3. HP: 18/29 MP: 5/5
  1155 | D:2      | Reached skill level 5 in Ranged Weapons
  1190 | D:2      | Noticed Natasha
  1195 | D:2      | Killed Natasha
  1196 | D:2      | Reached XP level 4. HP: 32/36 MP: 6/6
  1288 | D:2      | Noticed Natasha
  1292 | D:2      | Killed Natasha
  1507 | D:3      | Reached skill level 6 in Ranged Weapons
  1507 | D:3      | Reached XP level 5. HP: 39/41 MP: 7/7
  1521 | D:3      | Noticed Jessica
  1525 | D:3      | Killed Jessica
  1563 | D:3      | Found Beackijidgh's Weapon Shoppe.
  2299 | D:4      | Noticed an ogre
  2307 | D:4      | Killed an ogre
  2344 | D:4      | Noticed Grinder
  2362 | D:4      | Killed Grinder
  2363 | D:4      | Reached skill level 7 in Ranged Weapons
  2363 | D:4      | Reached XP level 6. HP: 48/48 MP: 8/8
  2478 | D:4      | Noticed Edmund
  2501 | D:4      | Killed Edmund
  2502 | D:4      | Reached skill level 8 in Ranged Weapons
  2502 | D:4      | Reached XP level 7. HP: 27/55 MP: 9/9
  3114 | D:5      | Entered Level 5 of the Dungeon
  3160 | D:5      | Slain by a gnoll sergeant

Vanquished Creatures
  Grinder (D:4)
  Edmund (D:4)
  An ogre (D:4)
  An orc priest (D:3)
  A jelly (D:4)
  Jessica (D:3)
  Natasha (thrice) (D:2)
  A gnoll (D:5)
  3 adders
  A worm (D:2)
  2 dart slugs
  5 orcs
  7 endoplasms
  5 goblins
  7 hobgoblins
  5 quokkas
  9 ball pythons
  3 bats (D:1)
  4 frilled lizards
  8 kobolds
  2 rats
71 creatures vanquished.
